 Dungeon Crawl Stone Soup version 0.23-a0-4-g8f018a2 (webtiles) character file.

492 Kuinu the Firebug (level 6, -5/45 HPs)
             Began as a Draconian Fire Elementalist on July 31, 2018.
             Killed by divine providence
             ... invoked by an orc priest
              (11 damage)
             ... on level 4 of the Dungeon.
             The game lasted 00:25:23 (5394 turns).

Kuinu the Firebug (Draconian Fire Elementalist)     Turns: 5394, Time: 00:25:24

Health: -5/45      AC:  7    Str: 10    XL:     6   Next: 91%
Magic:  3/11       EV: 12    Int: 17    God:
Gold:   159        SH:  0    Dex: 12    Spells: 2/12 levels left

rFire    + . .     SeeInvis .   o - -2 dagger (curse)
rCold    . . .     Gourm    .   (no shield)
rNeg     . . .     Faith    .   (armour unavailable)
rPois    .         Spirit   .   (helmet restricted)
rElec    .         Reflect  .   (no cloak)
rCorr    .         Harm     .   m - +0 pair of gloves
MR       .....                  (no boots)
Stlth    ++........             (no amulet)
HPRegen  0.15/turn              g - ring of protection from cold
MPRegen  0.12/turn              r - ring of fire

@: no status effects
A: unfitting armour, cold-blooded, AC +6
a: no special abilities


You were on level 4 of the Dungeon.
You were not hungry.

You visited 1 branch of the dungeon, and saw 4 of its levels.

You collected 159 gold pieces.

Inventory:

Hand Weapons
 d - a +0 club
 i - a +0 dagger
 o - a cursed -2 dagger (weapon)
 w - a +1 rapier of venom
Armour
 m - a +0 pair of gloves (worn)
Jewellery
 g - a ring of protection from cold (left hand)
 r - a ring of fire (right hand)
Wands
 u - a wand of acid (8)
Scrolls
 c - 6 scrolls of identify
 e - a scroll of remove curse
 h - 2 scrolls of teleportation {unknown}
 j - 2 scrolls of noise {unknown}
 n - a scroll of magic mapping {unknown}
 p - 2 scrolls of blinking {unknown}
Potions
 a - 2 potions of magic
 f - 2 potions of mutation {unknown}
 k - a potion of lignification {unknown}
 l - 2 potions of brilliance {unknown}
 q - a potion of curing
 s - a potion of heal wounds {unknown}
 v - a potion of flight {unknown}
Comestibles
 b - 10 rations


   Skills:
 - Level 1.7 Dodging
 - Level 2.4 Stealth
 + Level 3.7 Spellcasting
 * Level 4.2 Conjurations
 * Level 5.2 Fire Magic


You had 2 spell levels left.
You knew the following spells:

 Your Spells              Type           Power        Failure   Level  Hunger
a - Flame Tongue          Conj/Fire      ####.        2%          1    None
b - Throw Flame           Conj/Fire      ####..       3%          2    ##.....
c - Conjure Flame         Conj/Fire      ####....     7%          3    ###....
d - Sticky Flame          Conj/Fire      ####....     22%         4    ####...

Your spell library contained the following spells:

 Spells                   Type           Power        Failure   Level  Hunger
 Fireball                 Conj/Fire      ####......   54%         5    ######.
 Inner Flame              Hex/Fire       ###.....     17%         3    ###....


Dungeon Overview and Level Annotations

Branches:
Dungeon (4/15)
 Temple: D:4-7

Altars:
Elyvilon
Sif Muna


Innate Abilities, Weirdness & Mutations

Your plain brown scales are hard. (AC +6)
You cannot fit into any form of body armour.
You are cold-blooded and may be slowed by cold attacks.


Message History

The orc priest calls down the wrath of Beogh upon you.
Beogh smites you!
The orc priest calls down the wrath of Beogh upon you.
Beogh smites you!
* * * LOW HITPOINT WARNING * * *
Found 19 stones.
Okay, then.
Okay, then.
Unknown command.
Quiver which item? (- for none, * to show all) (? for menu, Esc to quit)
Okay, then.
Okay, then.
Casting: Flame Tongue (safe; 2% risk of failure)
Confirm with . or Enter, or press ? or * to list all spells.
Aiming: Conjure Flame (safe; 7% risk of failure)
Press: ? - help, Dir - move target cursor, p - orc priest You feel a surge of power!
The fire ignites!
The orc priest invokes the aid of Beogh against you.
Beogh smites you!
You die...

......########
......'....... .#
......######## .#
##.........)###.#.#
#..........')o.#(#
##..........#####.#
.[..........# .#
##..........#####.#
............o.o§@.#
###################
#...# #...#
#...############
'..............#
#...##########.#
#...###### #.#
.........# #.#


You could see 2 orc priests.

Vanquished Creatures
  Eustachio (D:4)
  An ogre (D:3)
  A bullfrog (D:4)
  A bullfrog skeleton (D:4)
  An orc wizard (D:4)
  Robin (D:2)
  6 adders
  A worm (D:2)
  3 dart slugs
  A leopard gecko (D:2)
  4 orcs
  3 giant cockroaches
  16 goblins
  7 hobgoblins
  6 jackals
  8 bats
  3 frilled lizards
  6 kobolds
  6 rats
76 creatures vanquished.

Vanquished Creatures (others)
  2 jackals (D:2)
  A kobold (D:2)
3 creatures vanquished.

Grand Total: 79 creatures vanquished

Notes
Turn   | Place    | Note
-------+----------+-------------------------------------------
     0 | D:1      | Kuinu the Draconian Fire Elementalist began the quest for the Orb.
     0 | D:1      | Reached XP level 1. HP: 14/14 MP: 3/3
   324 | D:1      | Reached XP level 2. HP: 17/20 MP: 1/5
   328 | D:1      | Learned a level 2 spell: Throw Flame
  1432 | D:1      | Reached XP level 3. HP: 19/26 MP: 2/6
  2064 | D:1      | Learned a level 3 spell: Conjure Flame
  3049 | D:2      | Reached XP level 4. HP: 33/33 MP: 5/8
  3057 | D:2      | Found a deep blue altar of Sif Muna.
  3153 | D:2      | Found a white marble altar of Elyvilon.
  3465 | D:3      | Noticed Robin
  3977 | D:2      | Killed Robin
  4443 | D:3      | Noticed an ogre
  4664 | D:3      | Reached skill level 4 in Fire Magic
  4677 | D:3      | Reached XP level 5. HP: 35/38 MP: 3/9
  4687 | D:3      | Learned a level 4 spell: Sticky Flame
  4943 | D:3      | Killed an ogre
  5064 | D:4      | Noticed Eustachio
  5112 | D:4      | Reached XP level 6. HP: 45/45 MP: 5/11
  5222 | D:4      | Killed Eustachio
  5222 | D:4      | Reached skill level 5 in Fire Magic
  5394 | D:4      | Killed from afar by an orc priest

Vault maps used:
D:1:      roderic_chinese_lattice_arrival
D:2:      nicolae_overflow_crystal_walls, elyvilon_altar_4, minmay_door_square
D:3:      uniq_robin
D:4:      okawaru_altar_gauntlet_db, uniq_eustachio, uniq_blork_the_orc

Skill      XL: |  1  2  3  4  5  6 |
---------------+-------------------+-----
Stealth        | 2 |  2.4
Conjurations   | 2 3 4 |  4.2
Spellcasting   | 3 |  3.7
Fire Magic     | 4 5 |  5.2
Dodging        | |  1.7

Action                   |  1- 3 |  4- 6 || total
-------------------------+-------+-------++-------
Melee: Club              |    17 |       ||    17
       Unarmed           |     3 |       ||     3
       Tailslap          |     8 |     1 ||     9
       Dagger            |    39 |    14 ||    53
       Short sword       |    10 |       ||    10
 Cast: Flame Tongue      |    45 |    77 ||   122
       Throw Flame       |    14 |       ||    14
       Conjure Flame     |     1 |     3 ||     4
       Sticky Flame      |       |     1 ||     1
Evoke: Wand              |       |     3 ||     3
  Use: Scroll            |     5 |       ||     5
       Potion            |     1 |       ||     1
  Eat: Chunk             |     4 |     9 ||    13
       Ration            |     1 |       ||     1
Armor: Skin              |    55 |    29 ||    84
Dodge: Dodged            |    87 |    39 ||   126

Table legend:
 A = Spawn XP
 B = Non-spawn XP
 C = Spawn XP percentage of total XP
 D = Spawn monster count
 E = Non-spawn monster count
 F = Spawn count percentage of total count
 G = Total turns spent on level
                    A         B        C        D         E        F      G
               +---------+---------+-------+---------+---------+-------+---------
         Total |       0 |     704 |   0.0 |       0 |      76 |   0.0 |  5394
               +---------+---------+-------+---------+---------+-------+---------
           D:1 |       0 |      54 |   0.0 |       0 |      23 |   0.0 |  2012
           D:2 |       0 |      84 |   0.0 |       0 |      30 |   0.0 |  2212
           D:3 |       0 |     184 |   0.0 |       0 |      15 |   0.0 |   889
           D:4 |       0 |     382 |   0.0 |       0 |       8 |   0.0 |   281
               +---------+---------+-------+---------+---------+-------+---------
